 Dungeon Crawl Stone Soup version 0.31-a0-246-g8cbcc1cb85 (webtiles) character file.

Game seed: 13122916027282485572

90 qw the Shooter (level 4, -1/26 HPs)
             Began as a Gargoyle Hexslinger on July 12, 2023.
             Slain by a gnoll
             ... wielding a +0 club
              (4 damage)
             ... on level 2 of the Dungeon.
             The game lasted 00:00:39 (1088 turns).

qw the Shooter (Gargoyle Hexslinger)                Turns: 1088, Time: 00:00:40

Health: -1/26      AC:  5    Str: 12    XL:     4   Next: 56%
Magic:  5/5        EV: 12    Int: 13    God:
Gold:   77         SH:  0    Dex: 14    Spells: 4/5 levels left

rFire   . . .        Y - +1 sling (drain)
rCold   . . .        (no shield)
rNeg    + . .        c - +0 robe
rPois   inf          (no helmet)
rElec   +            (no cloak)
rCorr   .            (no gloves)
SInv    .            (no boots)
Will    .....        (no amulet)
Stlth   +            (no ring)
HPRegen 0.24/turn    (no ring)
MPRegen 0.09/turn

%: no passive effects
@: no status effects
A: sickness immunity, AC +3, negative energy resistance 1, electricity
resistance, torment resistance 1, petrification resistance
a: no special abilities


You were on level 2 of the Dungeon.
You visited 1 branch of the dungeon, and saw 3 of its levels.

You collected 77 gold pieces.


Innate Abilities, Weirdness & Mutations

You are immune to sickness and miasma.
Your stone body is resilient. (AC +3)
You are immune to poison.
You resist negative energy. (rN+)
You are resistant to electric shocks. (rElec)
You are resistant to unholy torment.
You are immune to petrification.


   Skills:
 - Level 2.0 Fighting
 + Level 4.3 Ranged Weapons
 - Level 1.5 Dodging
 - Level 1.0 Spellcasting
 - Level 2.6 Hexes


You had 4 spell levels left.
You knew the following spells:

 Your Spells              Type           Power      Damage    Failure   Level
a - Slow                  Hex            28%        N/A       10%         1

Your spell library contained the following spells:

 Spells                   Type           Power      Damage    Failure   Level
 Inner Flame              Hex/Fire       4%         N/A       43%         3
 Portal Projectile        Hex/Tloc       8%         N/A       43%         3
 Cause Fear               Hex            3%         N/A       67%         4

Inventory:

Hand Weapons
 b - a +2 sling
 Y - a +1 sling of draining (weapon)
Armour
 c - a +0 robe (worn)
Scrolls
 i - a scroll of identify
Potions
 a - a potion of curing {unknown}

Dungeon Overview and Level Annotations

Branches:
Dungeon (3/15)

Altars:

Shops:
D:2 ?


Message History

Enter note:
Enter note: You start resting.
HP restored.
Done exploring.
(D) Dungeon
Where to? (* - list waypoints, Enter - D:3, ? - help)
What level of the Dungeon? (default 1, ? - help)
You climb downwards.
You hear the sound of rushing water.
There is an entrance to a sewer on this level.
Hurry and find it before the portal rusts away!
The gnoll barely misses you.
There is a stone staircase leading up here.
There are monsters nearby!
You shoot a sling bullet. The sling bullet hits the gnoll.
The gnoll is moderately wounded.
The gnoll closely misses you. x2
A frilled lizard comes into view.
The gnoll hits you with a +0 club. x2
1082 ||| STAIRDANCE The gnoll hits you but does no damage.
You climb upwards.
There is a stone staircase leading down here.
You shoot a sling bullet.
The sling bullet barely misses the gnoll.
The gnoll hits you with a +0 club. x2
You shoot a sling bullet.
The sling bullet closely misses the gnoll.
The gnoll hits you with a +0 club. The gnoll hits you but does no damage.
You shoot a sling bullet.
The sling bullet barely misses the gnoll.
The gnoll hits you with a +0 club. x2
You shoot a sling bullet. The sling bullet hits the gnoll.
You drain the gnoll.
The gnoll is severely wounded.
The gnoll misses you. The gnoll hits you but does no damage.
You shoot a sling bullet.
The sling bullet completely misses the gnoll.
The gnoll hits you with a +0 club. The gnoll barely misses you.
The gnoll hits you with a +0 club. x2
You die...

......................#...##
...##.####...##.#.###.###..#
...#..# ###.##...# #.# #..###
.....## #..##..# #.# ##...#
....## ##.##..###.# #.#.# .....##
#......##.# #.#.# ...#..##
#..###.##.# #.#.#
...##..######..###.##.####.#.####
##..............@#......##.......
######.####....gg).....#####.##.
#..###.#####......#........
####.....# #.....(#........
##.....#### ###.............
##..###..# #....#........ ###..##
##.# #....#........ ....##
#.#########....#........ #####
#........#######........


You could see 2 gnolls.

Vanquished Creatures
  4 adders
  4 dart slugs
  3 endoplasms
  4 giant cockroaches
  4 goblins
  4 hobgoblins
  4 kobolds
  A quokka (D:2)
  3 ball pythons
  6 bats
  3 frilled lizards
  7 rats (D:1)
47 creatures vanquished.

Notes
Turn   | Place    | Note
-------+----------+-------------------------------------------
     0 | D:1      | qw the Gargoyle Hexslinger began the quest for the Orb.
     0 | D:1      | Reached XP level 1. HP: 12/12 MP: 2/2
     0 | D:1      | 0 ||| qw: Version: 0.3-a-52-g30416fa
     0 | D:1      | 0 ||| qw: Game counter: 6552
     0 | D:1      | 0 ||| qw: Melee chars always use a shield: true
     0 | D:1      | 0 ||| qw: God list: Okawaru
     0 | D:1      | 0 ||| qw: Allow faded altars: false
     0 | D:1      | 0 ||| qw: Do Orc after clearing Dungeon:15 true
     0 | D:1      | 0 ||| qw: Do second Lair branch before Depths: true
     0 | D:1      | 0 ||| qw: Lair rune preference: random
     0 | D:1      | 0 ||| qw: Goals: Normal
     0 | D:1      | 0 ||| PLANNING D:1-11
   110 | D:1      | Reached XP level 2. HP: 16/16 MP: 3/3
   114 | D:1      | Found a faded altar of an unknown god.
   172 | D:1      | Reached skill level 3 in Ranged Weapons
   266 | D:1      | 266 ||| Stepping ~*~*~tactically~*~*~ (water).
   352 | D:1      | Reached XP level 3. HP: 21/21 MP: 4/4
   478 | D:1      | 478 ||| Stepping ~*~*~tactically~*~*~ (outnumbered).
   619 | D:1      | 619 ||| READING scroll labelled RASUAKUTSURCH.
   620 | D:1      | 620 ||| READING scroll labelled NEAHOL ISTRUAWNE.
   621 | D:1      | 621 ||| READING scroll labelled GOGADIU YHALEHOHU.
   624 | D:1      | 624 ||| READING 3 scrolls labelled OLLUEMN CISEV.
   625 | D:1      | 625 ||| READING scroll labelled CEXAYSYUSELL.
   626 | D:1      | 626 ||| DRINKING 2 white potions.
   627 | D:1      | 627 ||| READING 2 scrolls of identify.
   627 | D:1      | 627 ||| IDENTIFYING brown potion
   628 | D:1      | 628 ||| DROPPING scroll of poison.
   629 | D:1      | 629 ||| DROPPING potion of invisibility.
   630 | D:1      | 630 ||| DROPPING potion of lignification.
   839 | D:2      | Reached XP level 4. HP: 26/26 MP: 5/5
   936 | D:2      | Found Ekit's Magic Scroll Shoppe.
   942 | D:2      | 942 ||| SHOPLISTING scroll of brand weapon (114 gold, have
                  | 61).
   942 | D:2      | 942 ||| SHOPLISTING scroll of enchant armour (90 gold, have
                  | 61).
   986 | D:2      | 986 ||| SWAPPING to +1 sling of draining.
   992 | D:2      | 992 ||| READING scroll labelled CAMERI QIRCHOI.
   993 | D:2      | 993 ||| READING scroll labelled OMIFIU JUWN.
  1001 | D:3      | 1001 ||| PLANNING SEWER
  1003 | D:3      | Reached skill level 4 in Ranged Weapons
  1004 | D:3      | 1004 ||| STAIRDANCE
  1070 | D:3      | 1070 ||| STAIRDANCE
  1082 | D:3      | 1082 ||| STAIRDANCE
  1088 | D:2      | HP: 6/26 [gnoll/+0 club (4)]
  1088 | D:2      | Slain by a gnoll

Levels and vault maps discovered:
D:1:      wander_arrival_desolate, layout_loops_ring,
          shapermc_ecumenical_altar_rom_forum, chequers_serial_rivers_marsh,
          st_stairs_2
D:2:      layout_rooms, serial_shops, shop_scrolls, nrook_mini_vaults
D:3:      layout_basic, cheibrodos_sewer_entry_bend

Skill      XL: |  1  2  3  4 |
---------------+-------------+-----
Ranged Weapons | 3 4 |  4.3
Fighting       | 2 |  2.0
Dodging        | |  1.5
Spellcasting   | |  1.0
Hexes          | |  2.6

Action                     |  1- 3 |  4- 6 || total
---------------------------+-------+-------++-------
   Fire: Sling             |   101 |    26 ||   127
    Use: Scroll            |     6 |     2 ||     8
         Potion            |     1 |       ||     1
 Armour: Robe              |    11 |     9 ||    20
  Dodge: Dodged            |    19 |    18 ||    37

Table legend:
 A = Non-vault XP
 B = Vault XP
 C = Vault XP percentage of total XP
 D = Non-vault monster count
 E = Vault monster count
 F = Vault count percentage of total count
                 A         B        C        D         E       F
            +---------+---------+-------+---------+---------+-------
      Total |     119 |      10 |   7.8 |      44 |       3 |   6.4
            +---------+---------+-------+---------+---------+-------
        D:1 |      42 |      10 |  19.2 |      27 |       3 |  10.0
        D:2 |      48 |       0 |   0.0 |      13 |       0 |   0.0
        D:3 |      29 |       0 |   0.0 |       4 |       0 |   0.0
            +---------+---------+-------+---------+---------+-------
